 Dungeon Crawl Stone Soup version 0.26-a0-540-g8a0c9464d7 (webtiles) character file.

Game seed: 3499106173413925754

32 Lanoc the Covered (level 3, -3/33 HPs)
             Began as a Minotaur Fighter on Aug 21, 2020.
             Was a Believer of Lugonu.
             Slain by Menkaure (6 damage)
             ... on level 4 of the Dungeon.
             The game lasted 00:03:21 (693 turns).

Lanoc the Covered (Minotaur Fighter)                 Turns: 693, Time: 00:03:22

Health: -3/33      AC:  7    Str: 20    XL:     3   Next: 8%
Magic:  2/2        EV:  7    Int: 11    God:    Lugonu [**....]
Gold:   101        SH:  9    Dex: 10    Spells: 2/2 levels left

rFire    . . .     SeeInvis .   a - +0 war axe
rCold    . . .     Faith    .   c - +0 kite shield
rNeg     . . .     Spirit   .   b - +0 scale mail
rPois    .         Reflect  .   (helmet restricted)
rElec    .         Harm     .   (no cloak)
rCorr    .                      (no gloves)
MR       .....                  (no boots)
Stlth    ..........             (no amulet)
HPRegen  0.11/turn              i - +6 ring of intelligence
MPRegen  0.08/turn              (no ring)

@: no status effects
A: retaliatory headbutt, horns 2
a: Depart the Abyss, Bend Space, Renounce Religion


You were on level 4 of the Dungeon.
You worshipped Lugonu.
Lugonu was pleased with you.
You visited 1 branch of the dungeon, and saw 4 of its levels.

You collected 101 gold pieces.

Inventory:

Hand Weapons
 a - a +0 war axe (weapon)
Armour
 b - a +0 scale mail (worn)
 c - a +0 kite shield (worn)
Jewellery
 i - a +6 ring of intelligence (left hand)
Scrolls
 e - a scroll of enchant weapon {unknown}
 f - a scroll of teleportation {unknown}
Potions
 d - a potion of might
 g - a potion of mutation {unknown}
 h - a potion of brilliance {unknown}
 j - a potion of curing {unknown}


   Skills:
 + Level 3.9 Fighting
 * Level 3.3 Axes
 + Level 3.9 Armour
 + Level 1.0 Dodging
 + Level 3.9 Shields


You had 2 spell levels left.
You didn't know any spells.
Your spell library was empty.

Dungeon Overview and Level Annotations

Branches:
Dungeon (4/15)
 Temple: D:4-7

Altars:
Lugonu

Annotations:
D:4 Menkaure


Innate Abilities, Weirdness & Mutations

You reflexively headbutt those who attack you in melee.
You have a pair of horns on your head.


Message History

Menkaure hits you.
* * * LOW HITPOINT WARNING * * *
You are too injured to fight recklessly!
You barely miss Menkaure.
Menkaure is lightly damaged.
Menkaure calls on the powers of darkness!
You feel a surge of unholy energy. Menkaure closely misses you.
You furiously retaliate!
You headbutt Menkaure, but do no damage.
You barely miss Menkaure. Your headbutt misses Menkaure.
Menkaure is lightly damaged.
Menkaure calls on the powers of darkness!
You feel a surge of unholy energy.
You slash Menkaure!
Menkaure is heavily damaged.
Menkaure closely misses you. Menkaure barely misses you.
You slash Menkaure!
Menkaure is almost destroyed.
Menkaure hits you.
You die...

##..........
#....)...............
#...................#
#...................#
#....................
#...†................
#..........?........
#.......$..........#
#.......$...@M.....#
#..................+
#....<.............#
##...............###
##.............##
#..........<..#
#.##..........#
#.####....##... ###
.####


You could see Menkaure (fast).

Vanquished Creatures
  An adder (D:4)
  A worm (D:2)
  A leopard gecko (D:2)
  An orc (D:3)
  A giant cockroach (D:2)
  A hobgoblin (D:1)
  3 kobolds (D:2)
  A quokka (D:4)
  2 ball pythons
  4 bats
  2 frilled lizards
  2 goblins
20 creatures vanquished.

Notes
Turn   | Place    | Note
-------+----------+-------------------------------------------
     0 | D:1      | Lanoc the Minotaur Fighter began the quest for the Orb.
     0 | D:1      | Reached XP level 1. HP: 19/19 MP: 0/0
   198 | D:2      | Reached XP level 2. HP: 27/27 MP: 1/1
   495 | D:3      | Found a faded altar of an unknown god.
   504 | D:3      | Became a worshipper of Lugonu the Unformed
   504 | D:3      | Reached * piety under Lugonu
   504 | D:3      | Reached ** piety under Lugonu
   581 | D:4      | Reached skill level 1 in Dodging
   581 | D:4      | Reached XP level 3. HP: 23/33 MP: 2/2
   683 | D:4      | Noticed Menkaure
   693 | D:4      | Slain by Menkaure

Illustrated notes

Levels and vault maps discovered:
D:1:      dpeg_arrival_solitude, layout_basic, minmay_tree_intersection
D:2:      layout_basic
D:3:      layout_basic, chequers_ecumenical_altar_simple_redux, hex_tiny,
          chequers_serial_rivers_micro_b
D:4:      layout_layer_cave, lemuel_doored_altar, grunt_ministairs_8,
          grunt_decor_one_mirror, eino_tiny_chamber, uniq_menkaure

Skill      XL: |  1  2 |
---------------+-------+-----
Axes           | 3 |  3.3
Dodging        | 1 |  1.0
Fighting       | |  3.9
Armour         | |  3.9
Shields        | |  3.9

Action                   || total
-------------------------++-------
Melee: War axe           ||    63
       Headbutt          ||     4
Armor: Scale mail        ||    27
Dodge: Dodged            ||    17
Block: Kite shield       ||    31

Table legend: (Time is in decaauts)
 A = Elapsed time spent in this place.
 B = Non-inter-level travel time spent in this place.
 C = Inter-level travel time spent in this place.
 D = Time resting spent in this place.
 E = Time spent auto-exploring this place.
 F = Levels seen in this place.
 G = Mean time per level.
                   A        B        C        D        E       F      G
               +--------+--------+--------+--------+--------+-----+--------+
         Total |    720 |    701 |     19 |      0 |    533 |   4 |  180.0 |
       Dungeon |    720 |    701 |     19 |      0 |    533 |   4 |  180.0 |
               +--------+--------+--------+--------+--------+-----+--------+

Top non-repeatable levels by time:
     D:3: 308 daAuts
     D:2: 179 daAuts
     D:4: 116 daAuts
     D:1: 116 daAuts
